 Dungeon Crawl Stone Soup version 0.29-a0-322-g68df515428 (webtiles) character file.

Game seed: 7083787185440634236

7378 spiderkeys the Covert (level 10, -8/53 HPs)
             Began as a Spriggan Abyssal Knight on Apr 9, 2022.
             Was a High Priest of Lugonu.
             Killed from afar by an acid dragon (33 damage)
             ... with a splash of acid
             ... on level 10 of the Dungeon.
             The game lasted 00:24:52 (9588 turns).

spiderkeys the Covert (Spriggan Abyssal Knight)     Turns: 9588, Time: 00:24:52

Health: -8/53      AC:  0    Str: 25    XL:     10   Next: 92%
Magic:  15/18      EV: 27    Int: 12    God:    Lugonu [*****.]
Gold:   595        SH:  0    Dex: 24    Spells: 10/19 levels left

rFire   . . .      SeeInvis +   a - +10 dagger of Meager Absolution {venom, Str+4 Int-3 Dex+7}
rCold   . . .      Faith    .   (no shield)
rNeg    . . .      Spirit   .   p - +0 steam dragon scales
rPois   .          Reflect  .   (helmet restricted)
rElec   .          Harm     .   q - +2 cloak
rCorr   .          Rampage  .   (gloves unavailable)
Will    +....                   (boots unavailable)
Stlth   +++++.....              g - amulet of regeneration
HPRegen 0.97/turn               S - +6 ring of strength
MPRegen 0.16/turn               s - +6 ring of strength

@: corroded, very quick
A: very small, no large weapons, unfitting armour, see invisible, speed 3
a: Renounce Religion, Depart the Abyss, Bend Space, Banish, Corrupt, Enter the
Abyss


You were on level 10 of the Dungeon.
You worshipped Lugonu.
Lugonu was extremely pleased with you.
You visited 1 branch of the dungeon, and saw 10 of its levels.
You visited the Abyss 1 time.

You collected 595 gold pieces.


Innate Abilities, Weirdness & Mutations

You are very small and have problems with some larger weapons.
You are too small for most types of armour.
You have supernaturally acute eyesight. (SInv)
You cover ground extremely quickly. (Speed+++)


   Skills:
 + Level 6.5 Fighting
 + Level 8.2 Short Blades
 + Level 10.0 Dodging
 + Level 11.0 Stealth
 - Level 5.0 Spellcasting
 - Level 1.0 Conjurations
 + Level 6.7 Hexes
 - Level 3.0 Poison Magic
 - Level 2.0 Invocations
 + Level 4.0 Evocations


You had 10 spell levels left.
You knew the following spells:

 Your Spells              Type           Power      Damage    Failure   Level
d - Dazzling Flash        Conj/Hex       24%        N/A       12%         3
m - Mephitic Cloud        Conj/Pois/Air  6%         N/A       34%         3
t - Tukima's Dance        Hex            19%        N/A       3%          3

Your spell library contained the following spells:

 Spells                   Type           Power      Damage    Failure   Level
 Shock                    Conj/Air       16%        1d4       16%         1
 Pain                     Necr           12%        1d4       21%         1
 Static Discharge         Conj/Air       4%         N/A       24%         2
 Sublimation of Blood     Necr           3%         N/A       30%         2
 Wereblood                Tmut           3%         N/A       30%         2
 Ignite Poison            Fire/Tmut/Pois 5%         N/A       36%         3
 Anguish                  Hex/Necr       5%         N/A       45%         4
 Swiftness                Air            3%         N/A       52%         3
 Silence                  Hex/Air        5%         N/A       80%         5
 Iskenderun's Mystic Bla  Conj/Tloc      4%         2d3       85%         4
 Sticky Flame             Conj/Fire      4%         2d3       85%         4
 Airstrike                Air            1%         N/A       89%         4
 Animate Dead             Necr           1%         N/A       89%         4
 Dispel Undead            Necr           3%         3d7       89%         4
 Agony                    Necr           3%         N/A       99%         5
 Borgnjor's Vile Clutch   Necr/Erth      1%         N/A       99%         5
 Excruciating Wounds      Necr           1%         N/A       99%         5
 Freezing Cloud           Conj/Ice/Air   1%         6-21      99%         5
 Death Channel            Necr           1%         N/A       100%        6
 Simulacrum               Ice/Necr       1%         N/A       100%        6
 Starburst                Conj/Fire      2%         6d3       100%        6
 Enfeeble                 Hex            9%         N/A       100%        7
 Summon Hydra             Summ           1%         N/A       100%        7
 Polar Vortex             Ice            1%         N/A       100%        9

Inventory:

Hand Weapons
 a - the +10 dagger of Meager Absolution (weapon) {venom, Str+4 Int-3 Dex+7}
   (You found it on level 2 of the Dungeon)

   It poisons the flesh of those it strikes.
   Str:       It affects your strength (+4).
   Int:       It affects your intelligence (-3).
   Dex:       It affects your dexterity (+7).
 b - a +0 hunting sling
   (You found it on level 6 of the Dungeon)
 t - the +8 trident of Hepliaklqana {flame, rPois Str+2 Dex+4}
   (You found it on level 3 of the Dungeon)

   It burns those it strikes, dealing additional fire damage.
   Str:       It affects your strength (+2).
   Dex:       It affects your dexterity (+4).
   rPois:     It protects you from poison.
 B - a +2 short sword
Missiles
 e - 4 curare-tipped darts {=f}
 f - 3 throwing nets {=f!f}
 h - 394 stones
 j - 7 boomerangs
 k - 3 atropa-tipped darts
 o - a boomerang of dispersal {=f!f}
 I - 9 poisoned darts
Armour
 p - +0 steam dragon scales (worn)
   (You found it on level 8 of the Dungeon)
 q - a +2 cloak (worn)
   (You took it off Crazy Yiuf on level 2 of the Dungeon)
 u - a +0 robe
   (You took it off an orc wizard on level 8 of the Dungeon)
 x - a +0 robe
   (You took it off an orc wizard on level 10 of the Dungeon)
 A - a +0 robe of willpower
   (You took it off an orc wizard on level 8 of the Dungeon)
 J - a +0 robe
   (You took it off a kobold demonologist on level 10 of the Dungeon)
 M - a +0 robe
   (You took it off an orc wizard on level 10 of the Dungeon)
 N - a +0 robe
   (You took it off an orc wizard on level 10 of the Dungeon)
 P - a +1 robe of fire resistance
   (You found it on level 7 of the Dungeon)
 Q - a +0 robe
   (You took it off an orc wizard on level 10 of the Dungeon)
 T - a +0 robe
   (You found it on level 9 of the Dungeon)
 U - a +0 robe
   (You took it off a wizard on level 10 of the Dungeon)
 X - a +0 robe
   (You took it off an orc wizard on level 10 of the Dungeon)
Jewellery
 g - an amulet of regeneration (around neck)
   (You found it on level 6 of the Dungeon)
 s - a +6 ring of strength (right hand)
   (You found it on level 1 of the Dungeon)
 F - a ring of protection from fire
   (You took it off a gnoll on level 6 of the Dungeon)
 G - an amulet of guardian spirit
   (You found it on level 10 of the Dungeon)
 L - a ring of flight
   (You found it on level 2 of the Dungeon)
 R - a ring of resist corrosion
   (You found it on level 4 of the Dungeon)
 S - a +6 ring of strength (left hand)
   (You found it on level 1 of the Dungeon)
Wands
 c - a wand of acid (3)
   (You found it on level 8 of the Dungeon)
 D - a wand of mindburst (2)
   (You took it off an orc wizard on level 8 of the Dungeon)
 O - a wand of polymorph (10)
   (You took it off an orc on level 7 of the Dungeon)
Scrolls
 i - 5 scrolls of teleportation {@r4}
 m - 4 scrolls of enchant weapon
 v - 3 scrolls of magic mapping {!r}
 y - a scroll of silence {!r}
 E - 2 scrolls of noise {unknown}
 H - a scroll of identify {@r1}
 V - 2 scrolls of blinking {!r}
 W - 2 scrolls of fear
 Y - a scroll of holy word
Potions
 d - 3 potions of ambrosia
 l - 4 potions of flight {unknown}
 n - 4 potions of heal wounds {@q2}
 r - 3 potions of curing {@q1}
 w - 2 potions of magic {unknown}
 z - 2 potions of lignification {unknown}
 C - 2 potions of attraction {!q}
 K - a potion of haste {@q3}

Dungeon Overview and Level Annotations

Branches:
Dungeon (10/15)            Temple (0/1) D:5             Orc (0/2) D:10
   Lair: D:8-11

Altars:
Ashenzari
Gozag
Hepliaklqana
Kikubaaqudgha
Makhleb
Okawaru
Qazlal
Ru
Trog
Vehumet
Wu Jian
Yredelemnul
The Shining One

Shops:
D:1 [

Annotations:
D:8 5 transporters
D:9 3 runed translucent doors, Gibbon's ghost, novice DrFE

....# ##..#.## ##.#...[)...##.#
....####..####...####..)....##.#
....##...## .... ##.)<...##.#
....+...## ... ###.....##.##
....#..## #.# #.##..<.##...
........# ###.### #.#....######
##...#.##. #.....###.##.#..##
##..####Y..##..Y..##...#)##..#
##.## ........D@........[##.#
##.)####...##...).##...####..#
###.)#.## #.....###.##.#...####
##....# ###.### #.#....<....#
##[.## ##.## #[##........#
##...######...######D........#
####..#..##..)......##..........#
..........####...####...........#
#########..#.##.##.#..#.._......#


You could see a yak and an acid dragon (very poisoned, catching breath).


Message History

The orc hits you with a +0 short sword.
The orc wizard points at you and mumbles some strange words.
The magic dart hits you. The orc wizard completely misses you.
The orc completely misses you. 😕 HP[-6]
You take 6 damage, and now have 47/53 hp.
You hit the orc wizard but do no damage.
The orc wizard looks as sick as possible!
You hit the orc wizard.
The orc wizard looks as sick as possible!
The orc completely misses you. The orc wizard completely misses you.
The orc wizard misses you. The orc completely misses you. 😕 HP[+1]
You closely miss the orc wizard. You puncture the orc wizard!
You kill the orc wizard!
Lugonu accepts your kill. The orc completely misses you.
The orc wizard closely misses you. The orc completely misses you.
Your Evocations skill increases to level 4! 😕 HP[+1]
You barely miss the orc wizard. The orc wizard misses you. The orc misses you.
The orc completely misses you. 😕 HP[+1]
You puncture the orc!
You kill the orc!
Lugonu accepts your kill.
You hit the orc wizard.
You kill the orc wizard!
Lugonu accepts your kill. The orc completely misses you. 😕 HP[+1]
You closely miss the orc. You closely miss the orc.
The orc completely misses you. 😕 HP[+1]
You puncture the orc!
You kill the orc!
Lugonu accepts your kill. 😎 HP[+1]
Your hp is fully restored (53).
Things that are here:
a +0 club; an orc corpse
x - a +0 robe
Things that are here:
a +0 dagger; an orc corpse
X - a +0 robe
Things that are here:
a +0 dagger; an orc corpse
Things that are here:
a +0 short sword; a +0 leather armour
j - 7 boomerangs (gained 3)
Things that are here:
a +0 scimitar; a +0 plate armour
There is an open door here.
There is an open door here.
There is an escape hatch in the ceiling here.
You now have 578 gold pieces (gained 16).
There is an open door, spattered with blood here.
You see here a +0 shortbow.
You now have 595 gold pieces (gained 17).
The acid dragon bites you. The acid dragon misses you. 😕 HP[-5]
You take 5 damage, and now have 48/53 hp.
The yak bellows!
You hit the acid dragon.
The acid dragon bites you but does no damage.
The acid dragon closely misses you. 😕 HP[+1]
You hit the acid dragon.
Casting: Dazzling Flash (dangerous; 12% risk of failure)
Confirm with . or Enter, or press ? or * to list all spells.
Casting: Dazzling Flash (dangerous; 12% risk of failure)
Press: ? - help, Dir - look around, f - activate The acid dragon spits acid at you.
The splash of acid hits you! The acid corrodes you! 😕 HP[-6] MP[-3]
You take 6 damage, and now have 43/53 hp.
You lost 3 mp, and now have 15/18 mp.
You hit the acid dragon.
The acid dragon bites you but does no damage.
The acid dragon completely misses you. The yak misses you. 😕 HP[+1]
You hit the acid dragon. You hit the acid dragon.
The acid dragon completely misses you. The acid dragon misses you.
The yak barely misses you. 😕 HP[+1]
You hit the acid dragon but do no damage.
The acid dragon spits acid at you. The splash of acid hits you!!
* * * LOW HITPOINT WARNING * * *
The acid corrodes you! The yak closely misses you. 😨 HP[-21]
You take 21 damage, and now have 24/53 hp.
MASSIVE DAMAGE!! (PAUSE)
You hit the acid dragon.
The acid dragon is poisoned.
You closely miss the acid dragon. The acid dragon spits acid at you.
The splash of acid hits you!!
Ouch! That really hurt!
You die...

Skill      XL: |  1  2  3  4  5  6  7  8  9 10 |
---------------+-------------------------------+-----
Stealth        | 1 2 3 4 6 7 9 11 | 11.0
Invocations    | 2 |  2.0
Dodging        | 4 5 6 7 9 10 | 10.0
Fighting       | 3 4 5 6 |  6.5
Short Blades   | 3 4 5 7 8 |  8.2
Spellcasting   | 2 3 4 5 |  5.0
Hexes          | 1 3 5 6 |  6.7
Poison Magic   | 1 3 |  3.0
Evocations     | 4 |  4.0
Conjurations   | 1 |  1.0

Action                   |  1- 3 |  4- 6 |  7- 9 | 10-12 || total
-------------------------+-------+-------+-------+-------++-------
Melee: Short sword       |    42 |       |       |       ||    42
       Punch             |     1 |     1 |     2 |     2 ||     6
       Dagger            |    21 |    63 |   206 |   143 ||   433
 Fire: Hunting sling     |       |       |     3 |       ||     3
Throw: Boomerang         |     5 |     5 |    20 |    18 ||    48
       Dart              |       |     5 |     7 |     8 ||    20
 Cast: Tukima's Dance    |       |       |    13 |    14 ||    27
       Dazzling Flash    |       |       |       |     5 ||     5
Invok: Bend Space        |       |       |       |     1 ||     1
Evoke: Wand              |       |       |     3 |    14 ||    17
  Use: Scroll            |     6 |     1 |    13 |       ||    20
 Stab: Sleeping          |     8 |     6 |    18 |     4 ||    36
       Distracted        |       |     1 |     2 |     2 ||     5
       Invisible         |       |       |       |     1 ||     1
Armor: Robe              |     6 |     2 |    12 |       ||    20
       Steam dragon scal |       |       |     4 |     9 ||    13
Dodge: Dodged            |    28 |    35 |   117 |   127 ||   307

Levels and vault maps discovered:
D:1:      eino_arrival_water_star, layout_basic, serial_shops,
          nicolae_shop_behind_doors, minmay_misc_feat_chi, minmay_misc_feat_rows
D:2:      layout_basic, basic_altar, hellmonk_ecumenical_altar_slurped_away,
          serial_co_window_serial, co_window_paths_b, co_window_corner_a,
          co_window_paths_a, co_window_of_opportunity_a, co_window_corner_a,
          co_window_cross_4, co_window_of_opportunity_c, co_window_broadway_b,
          co_window_corner_b, co_window_paths_e, co_window_4corner_b,
          glass_columns_b, glass_columns_b, glass_columns_b, glass_columns_a,
          uniq_crazy_yiuf_cottage, uniq_sigmund
D:3:      layout_loops_corners, mainiacjoe_overflow_brackets,
          kennysheep_generic_room_5
D:4:      layout_basic, overflow_temple_1_default, kiku_gazebo_garden_becter
D:5:      layout_cave_pools, minmay_temple_entry_butterflies,
          minmay_mini_ossuary
D:6:      layout_gridville, mainiacjoe_overflow_24_doors,
          mainiacjoe_overflow_surrounded_room
D:7:      layout_rooms, amcnicky_altar_gilded, makhleb_blood_cavern_becter,
          kennysheep_little_box, serial_bayou_lagoon_a
D:8:      layout_cave_pools, grunt_temple_overflow_open, serial_nicolae_subway,
          nicolae_sub_station_stone, nicolae_sub_station_metal,
          nicolae_sub_station_crystal
D:9:      layout_long_grid, nicolae_overflow_hidden_temple,
          nicolae_yredelemnul_ghost_church
D:10:     layout_roguey, overflow_temple_1_default, orc_0_dummy,
          minmay_fractal_squares_gapless_7

Notes
Turn   | Place    | Note
-------+----------+-------------------------------------------
     0 | Abyss:1  | spiderkeys the Spriggan Abyssal Knight began the quest for
                  | the Orb.
     0 | Abyss:1  | Reached XP level 1. HP: 11/11 MP: 3/3
     0 | Abyss:1  | magus.rc [v1.11.3]
    12 | D:1      | You pass through the gate.
    12 | D:1      | Escaped the Abyss
   225 | D:1      | You pick up a book of the Senses and begin reading...
   225 | D:1      | You add the spells Dazzling Flash, Agony and Silence to
                  | your library.
   271 | D:1      | Reached skill level 1 in Stealth
   271 | D:1      | Reached skill level 2 in Invocations
   271 | D:1      | Reached XP level 2. HP: 16/16 MP: 4/4
   725 | D:1      | Found Puddarr's Antique Armour Shoppe.
   926 | D:2      | Found a faded altar of an unknown god.
  1193 | D:2      | Identified the +10 dagger of Meager Absolution {venom,
                  | Str+4 Int-3 Dex+7}
  1261 | D:2      | Reached XP level 3. HP: 19/19 MP: 5/5
  1290 | D:2      | Found a sacrificial altar of Ru.
  1493 | D:2      | Reached *** piety under Lugonu
  1659 | D:2      | Found a runed translucent door.
  1660 | D:2      | Noticed Crazy Yiuf
  1855 | D:2      | Reached skill level 2 in Stealth
  1971 | D:2      | Noticed Sigmund
  1992 | D:2      | Reached skill level 4 in Dodging
  1992 | D:2      | Reached XP level 4. HP: 23/23 MP: 6/6
  2072 | D:2      | Killed Sigmund
  2073 | D:2      | Reached skill level 3 in Fighting
  2073 | D:2      | Reached skill level 3 in Short Blades
  2073 | D:2      | Reached skill level 3 in Stealth
  2073 | D:2      | Reached skill level 2 in Spellcasting
  2073 | D:2      | Reached XP level 5. HP: 28/28 MP: 6/9
  2479 | D:2      | Killed Crazy Yiuf
  2480 | D:2      | Reached skill level 4 in Stealth
  2480 | D:2      | Reached XP level 6. HP: 32/32 MP: 10/10
  2548 | D:3      | Learned a level 3 spell: Dazzling Flash
  2668 | D:3      | Found an iron altar of Okawaru.
  2880 | D:3      | Identified the +8 trident of Hepliaklqana {flame, rPois
                  | Str+2 Dex+4}
  3442 | D:4      | Reached skill level 5 in Dodging
  3442 | D:4      | Reached skill level 1 in Hexes
  3464 | D:4      | Reached skill level 4 in Short Blades
  3923 | D:4      | Found a bloodstained altar of Trog.
  3930 | D:4      | You add the spells Ignite Poison, Mephitic Cloud and
                  | Freezing Cloud to your library.
  3951 | D:4      | Learned a level 3 spell: Mephitic Cloud
  4025 | D:4      | Reached skill level 3 in Spellcasting
  4167 | D:4      | Found an ancient bone altar of Kikubaaqudgha.
  4178 | D:4      | Reached XP level 7. HP: 37/37 MP: 12/12
  4457 | D:5      | Entered Level 5 of the Dungeon
  4488 | D:5      | Reached **** piety under Lugonu
  4520 | D:5      | Reached skill level 5 in Stealth
  4520 | D:5      | Reached skill level 2 in Hexes
  4523 | D:5      | You pick up a book of Spectacle and begin reading...
  4523 | D:5      | You add the spells Iskenderun's Mystic Blast and Starburst
                  | to your library.
  4552 | D:5      | Noticed a two-headed ogre
  4598 | D:5      | Killed a two-headed ogre
  4599 | D:5      | Reached skill level 4 in Fighting
  4599 | D:5      | Reached skill level 5 in Short Blades
  4599 | D:5      | Reached skill level 6 in Dodging
  4599 | D:5      | Reached skill level 6 in Stealth
  4599 | D:5      | Reached skill level 4 in Spellcasting
  4599 | D:5      | Reached skill level 3 in Hexes
  4599 | D:5      | Reached XP level 8. HP: 33/42 MP: 13/15
  4799 | D:5      | Identified a scroll of acquirement
  4800 | D:5      | Acquired a book of Maledictions
  4801 | D:5      | You pick up a book of Maledictions and begin reading...
  4801 | D:5      | You add the spells Tukima's Dance, Anguish and Enfeeble to
                  | your library.
  4806 | D:5      | Learned a level 3 spell: Tukima's Dance
  4814 | D:5      | Found a staircase to the Ecumenical Temple.
  5063 | D:6      | Reached skill level 4 in Hexes
  5274 | D:6      | Reached skill level 7 in Stealth
  5274 | D:6      | Reached skill level 5 in Spellcasting
  5430 | D:6      | Found a glowing golden altar of the Shining One.
  5446 | D:6      | Reached skill level 7 in Dodging
  5446 | D:6      | Reached skill level 5 in Hexes
  5492 | D:6      | Found a sacrificial altar of Ru.
  5677 | D:6      | Reached XP level 9. HP: 46/46 MP: 17/17
  5680 | D:6      | Reached skill level 6 in Short Blades
  5918 | D:6      | Reached skill level 5 in Fighting
  5918 | D:6      | Reached skill level 8 in Stealth
  6223 | D:7      | Reached skill level 8 in Dodging
  6359 | D:7      | Found a burning altar of Makhleb.
  6458 | D:7      | Found an opulent altar of Gozag.
  6474 | D:7      | Reached skill level 9 in Stealth
  6623 | D:7      | a +0 eveningstar {rare}; an orc corpse
  6671 | D:7      | Found an ornate altar of the Wu Jian Council.
  6832 | D:8      | Found a transporter.
  7015 | D:8      | Reached ***** piety under Lugonu
  7053 | D:8      | Found a transporter.
  7073 | D:8      | Found a transporter.
  7097 | D:8      | Reached skill level 7 in Short Blades
  7111 | D:8      | Found a transporter.
  7227 | D:8      | Found a broken altar of Ashenzari.
  7231 | D:8      | Found a hazy altar of Hepliaklqana.
  7282 | D:8      | Found a transporter.
  7285 | D:8      | Found a transporter.
  7349 | D:8      | Reached skill level 1 in Poison Magic
  7386 | D:8      | Reached skill level 9 in Dodging
  7414 | D:8      | Reached XP level 10. HP: 53/53 MP: 18/18
  7423 | D:8      | Reached skill level 10 in Stealth
  7648 | D:9      | Found a runed translucent gate.
  7648 | D:9      | Found a runed translucent gate.
  7648 | D:9      | Found a runed translucent gate.
  7648 | D:9      | Noticed Gibbon's ghost (novice DrFE)
  7650 | D:9      | Found a basalt altar of Yredelemnul.
  7683 | D:9      | You pick up a book of Air and begin reading...
  7683 | D:9      | You add the spells Shock, Swiftness and Airstrike to your
                  | library.
  7723 | D:9      | Noticed a two-headed ogre
  7756 | D:9      | Killed a two-headed ogre
  7757 | D:9      | Reached skill level 6 in Fighting
  7757 | D:9      | Reached skill level 2 in Poison Magic
  7757 | D:9      | Reached skill level 1 in Evocations
  8031 | D:9      | Found a radiant altar of Vehumet.
  8037 | D:9      | You pick up a book of Unlife and begin reading...
  8037 | D:9      | You add the spells Animate Dead, Borgnjor's Vile Clutch and
                  | Death Channel to your library.
  8204 | D:9      | Reached skill level 6 in Hexes
  8234 | D:9      | Reached skill level 2 in Evocations
  8360 | D:10     | Entered Level 10 of the Dungeon
  8360 | D:10     | Found a stormy altar of Qazlal.
  8368 | D:10     | Found a staircase to the Orcish Mines.
  8627 | D:10     | You pick up a book of Blood and begin reading...
  8627 | D:10     | You add the spells Sublimation of Blood, Wereblood and
                  | Summon Hydra to your library.
  8666 | D:10     | Noticed a rust devil
  8719 | D:10     | Noticed a five-headed hydra
  8723 | D:10     | Noticed a wizard
  8840 | D:10     | Killed a five-headed hydra
  8841 | D:10     | Reached skill level 8 in Short Blades
  8841 | D:10     | Reached skill level 3 in Poison Magic
  8841 | D:10     | Reached skill level 3 in Evocations
  8908 | D:10     | Reached skill level 1 in Conjurations
  8913 | D:10     | You pick up a book of Pain and begin reading...
  8913 | D:10     | You add the spells Pain and Excruciating Wounds to your
                  | library.
  8941 | D:10     | Noticed a seven-headed hydra
  9078 | D:10     | Killed a wizard
  9079 | D:10     | Reached skill level 10 in Dodging
  9079 | D:10     | Reached skill level 11 in Stealth
  9225 | D:9      | You pick up a book of Touch and begin reading...
  9225 | D:9      | You add the spells Static Discharge, Sticky Flame and
                  | Dispel Undead to your library.
  9360 | D:9      | Identified the +0 pair of gloves of the Hot Ocelot
                  | {*Corrode rF+ Int+3 Dex+2}
  9486 | D:10     | You pick up a book of Ice and begin reading...
  9486 | D:10     | You add the spells Simulacrum and Polar Vortex to your
                  | library.
  9530 | D:10     | Reached skill level 4 in Evocations
  9588 | D:10     | Killed from afar by an acid dragon

Vanquished Creatures
  A hydra (D:10)
  2 two-headed ogres
  A wizard (D:10)
  A kobold demonologist (D:10)
  A wraith (D:10)
  Sigmund (D:2)
  A wyvern (D:8)
  A steam dragon (D:8)
  3 yaks (D:8)
  A water moccasin (D:7)
  An acid dragon (D:9)
  3 orc warriors
  An ice beast (D:6)
  An ogre (D:7)
  5 centaurs
  2 phantoms
  2 kobold brigands (D:10)
  A gnoll sergeant (D:10)
  3 bullfrogs
  3 necrophages
  8 wights
  3 scorpions
  8 killer bees
  An electric eel (D:7)
  4 howler monkeys
  2 hounds (D:5)
  A jelly (D:5)
  3 orc priests
  Crazy Yiuf (D:2)
  2 gnoll shamans
  4 iguanas
  10 orc wizards
  A hound skeleton (D:7)
  A mummy (D:5)
  2 howler monkey zombies (D:9)
  15 gnolls
  5 adders
  2 shadow imps
  A white imp (D:7)
  A howler monkey simulacrum (D:10)
  3 dart slugs (D:1)
  24 orcs
  10 endoplasms
  8 goblins
  3 hobgoblins
  5 jackals
  4 quokkas
  3 ball pythons
  4 bats
  4 frilled lizards
  A hobgoblin zombie (D:5)
  6 kobolds
  2 kobold zombies (D:5)
  An orc zombie (D:5)
  5 rats
193 creatures vanquished.

Vanquished Creatures (others)
  2 dancing weapons (D:7)
  13 plants (D:7)
  A withered plant (D:4)
16 creatures vanquished.

Grand Total: 209 creatures vanquished

Table legend:
 A = Non-vault XP
 B = Vault XP
 C = Vault XP percentage of total XP
 D = Non-vault monster count
 E = Vault monster count
 F = Vault count percentage of total count
                 A         B        C        D         E       F
            +---------+---------+-------+---------+---------+-------
      Total |    8264 |    2276 |  21.6 |     173 |      20 |  10.4
            +---------+---------+-------+---------+---------+-------
        D:1 |      33 |       0 |   0.0 |      15 |       0 |   0.0
        D:2 |      96 |     265 |  73.4 |      22 |       3 |  12.0
        D:3 |      32 |       2 |   5.9 |      11 |       2 |  15.4
        D:4 |     376 |       0 |   0.0 |      18 |       0 |   0.0
        D:5 |    1166 |      22 |   1.9 |       8 |       5 |  38.5
        D:6 |    1297 |       0 |   0.0 |      22 |       0 |   0.0
        D:7 |     970 |     103 |   9.6 |      22 |       2 |   8.3
        D:8 |    1562 |       0 |   0.0 |      23 |       0 |   0.0
        D:9 |    1459 |      34 |   2.3 |      13 |       2 |  13.3
       D:10 |    1273 |    1850 |  59.2 |      19 |       6 |  24.0
            +---------+---------+-------+---------+---------+-------

Illustrated notes

Table legend:
 A = Kills in this place as a percentage of kills in entire the game.
 B = Kills by you in this place as a percentage of kills by you in the entire game.
 C = Kills by friends in this place as a percentage of kills by friends in the entire game.
 D = Other kills in this place as a percentage of other kills in the entire game.
 E = Experience gained in this place as a percentage of experience gained in the entire game.
 F = Experience gained in this place divided by the number of levels of this place that you have seen.
                   A       B       C       D       E      F
               +-------+-------+-------+-------+-------+----------------------
         Total | 100.0 | 100.0 |   N/A |   N/A | 100.0 | 958.2
       Dungeon | 100.0 | 100.0 |   N/A |   N/A | 100.0 | 1054.0
               +-------+-------+-------+-------+-------+----------------------

Table legend: (Time is in decaauts)
 A = Elapsed time spent in this place.
 B = Non-inter-level travel time spent in this place.
 C = Inter-level travel time spent in this place.
 D = Time resting spent in this place.
 E = Time spent auto-exploring this place.
 F = Levels seen in this place.
 G = Mean time per level.
                   A        B        C        D        E       F      G
               +--------+--------+--------+--------+--------+-----+--------+
         Total |   6716 |   6499 |    217 |    791 |   4169 |  11 |  610.5 |
       Dungeon |   6708 |   6491 |    217 |    791 |   4167 |  10 |  670.8 |
         Abyss |      7 |      7 |      0 |      0 |      1 |   1 |    7.0 |
               +--------+--------+--------+--------+--------+-----+--------+

Top non-repeatable levels by time:
     D:2: 1098 daAuts
     D:3: 803 daAuts
    D:10: 741 daAuts
     D:6: 700 daAuts
     D:9: 690 daAuts
     D:1: 652 daAuts
     D:7: 593 daAuts
     D:4: 539 daAuts
     D:8: 479 daAuts
     D:5: 410 daAuts
 Abyss:1: 7 daAuts
